 Dungeon Sprint DCSS version 0.23-a0-639-ga9a3373 (webtiles) character file.

36800000 Leeroy the Formicid Barricade (level 27, 211/249 HPs)
             Began as a Formicid Fighter on Dec 29, 2018.
             Was the Champion of Makhleb.
             Escaped with the Orb!
             The game lasted 00:08:50 (184 turns).

Leeroy the Formicid Barricade (Formicid Fighter)     Turns: 184, Time: 00:08:51

Health: 211/249    AC: 13    Str: 23    XL:     27
Magic:  54/54      EV: 26    Int: 16    God:    Makhleb [******]
Gold:   0          SH: 19    Dex: 13    Spells: 80/80 levels left

rFire    . . .     SeeInvis +   l - +∞ Axe of Woe
rCold    . . .     Gourm    .   c - +0 shield
rNeg     . . .     Faith    .   b - +0 scale mail
rPois    .         Spirit   .   (helmet unavailable)
rElec    .         Reflect  .   (no cloak)
rCorr    .         Harm     .   (no gloves)
MR       ++...                  (no boots)
Stlth    +++.......             (no amulet)
HPRegen  0.51/turn              m - +30 ring of slaying
MPRegen  0.34/turn              n - +200 ring of slaying

@: no status effects
A: permanent stasis, dig shafts and tunnels, four strong arms, antennae 3
0: Orb of Zot
a: Dig, Minor Destruction, Lesser Servant of Makhleb, Major Destruction, Greater
Servant of Makhleb, Renounce Religion


You escaped.
You worshipped Makhleb.
Makhleb was exalted by your worship.
You were not hungry.

You visited 1 branch

Inventory:

Hand Weapons
 a - a +0 war axe
 l - the +∞ Axe of Woe (weapon)
   (You found it in the Dungeon)
 A - the +7 sceptre of Torment {pain, torment}
   (You took it off Dispater in the Dungeon)

   In the hands of one skilled in necromantic magic, it inflicts extra damage on
   living creatures.
Armour
 b - a +0 scale mail (worn)
 c - a +0 shield (worn)
Jewellery
 m - a +30 ring of slaying (left hand)
 n - a +200 ring of slaying (right hand)
 o - a +30 ring of slaying
 p - a +200 ring of slaying
 q - a +30 ring of slaying
 r - a +30 ring of slaying
 s - a +30 ring of slaying
 t - a +30 ring of slaying
 u - a +30 ring of slaying
 v - a +30 ring of slaying
 w - a +30 ring of slaying
 x - a +30 ring of slaying
 y - a +30 ring of slaying
Scrolls
 k - a scroll of blinking
Potions
 d - a potion of might
 e - a potion of curing
 g - a potion of heal wounds
 h - a potion of haste
 i - 2 potions of magic
 j - a potion of berserk rage
Comestibles
 f - a ration
 z - 2 chunks of flesh


   Skills:
 O Level 27 Fighting
 O Level 27 Axes
 O Level 27 Maces & Flails
 O Level 27 Throwing
 O Level 27 Armour
 O Level 27 Dodging
 O Level 27 Stealth
 O Level 27 Shields
 O Level 27 Unarmed Combat
 O Level 27 Spellcasting
 O Level 27 Invocations


You had 80 spell levels left.
You didn't know any spells.
Your spell library was empty.

Dungeon Overview and Level Annotations

Branches:
Dungeon (1/1)

Altars:
Makhleb


Innate Abilities, Weirdness & Mutations

You cannot be hasted, slowed, berserked, paralysed or teleported.
You can dig through walls and to a lower floor.
Your four strong arms can wield two-handed weapons with a shield.
You have a pair of large antennae on your head. (SInv)


Message History

Press: ? - help, v - describe, . - travel, g - get item A +9 battleaxe.
There is something else lying underneath.
A staircase leading out of the dungeon, spattered with blood.
This square is covered in magical glow.
There is a cloud of flame here.
Really walk into that cloud of flame?
A bag of meat comes into view. It is wielding a +9 war axe.
You are engulfed in blazing flames.
You hear a shout!
The meat berserker rages.
You hear a shout!
A destroyer comes into view.
It is wielding a +9 great sword of slicing.
There is a staircase leading out of the dungeon, spattered with blood here.
Items here: ))))) ===== ††† Unknown command.
You are engulfed in blazing flames.
You hear a shout! x2
The bag of meat is engulfed in blazing flames.
You have escaped!

......... { oo.......{
{#......V# #... #oO...%.#
..... ....###.o{{...###O....
.........O###..........
..#.....)))_..o........
#.......#)))o.#.......#
###..........#_)@o_#........
#....#......)#))o)☼#...%..#.
.......#....))))○§☼)..%.....
o............))###o))......#
o.........###))○.o))###o....
o...........#..).).o# ......
............#.......#... ...
...#....)....).=o....{.. ..
..#.#.#))..))........... { .


You could see a destroyer (wandering), 3 meat berserkers and 11 bags of meat.

Vanquished Creatures
  Dispater (D)
  3 vampire knights (D)
  16 ogres (D)
  3 two-headed ogres (D)
  83 orcs (D)
106 creatures vanquished.

Vanquished Creatures (collateral kills)
  An orange demon (D)
1 creature vanquished.

Vanquished Creatures (others)
  3 ball lightnings (D)
3 creatures vanquished.

Grand Total: 110 creatures vanquished

Notes
Turn   | Place    | Note
-------+----------+-------------------------------------------
     0 | D        | Found the +∞ Axe of Woe
     0 | D        | Leeroy the Formicid Fighter began the quest for the Orb.
     0 | D        | Reached XP level 1. HP: 18/18 MP: 1/1
     4 | D        | Became a worshipper of Makhleb the Destroyer
     6 | D        | Noticed a bag of meat
     6 | D        | Noticed a bag of meat
     7 | D        | Noticed a bag of meat
     7 | D        | Noticed a bag of meat
     9 | D        | Noticed a bag of meat
    10 | D        | Killed a bag of meat
    10 | D        | Reached skill level 10 in Axes
    10 | D        | Reached XP level 2. HP: 47/47 MP: 2/2
    10 | D        | Reached XP level 3. HP: 53/53 MP: 3/3
    10 | D        | Reached XP level 4. HP: 60/60 MP: 4/4
    10 | D        | Reached XP level 5. HP: 67/67 MP: 5/5
    10 | D        | Reached XP level 6. HP: 74/74 MP: 6/6
    10 | D        | Reached XP level 7. HP: 80/80 MP: 7/7
    10 | D        | Reached XP level 8. HP: 87/87 MP: 8/8
    10 | D        | Reached XP level 9. HP: 94/94 MP: 9/9
    10 | D        | Reached XP level 10. HP: 101/101 MP: 10/10
    10 | D        | Reached XP level 11. HP: 107/107 MP: 11/11
    10 | D        | Reached XP level 12. HP: 114/114 MP: 12/12
    10 | D        | Killed a bag of meat
    10 | D        | Reached * piety under Makhleb
    10 | D        | Reached XP level 13. HP: 127/127 MP: 13/13
    10 | D        | Noticed a bag of meat
    11 | D        | Noticed a bag of meat
    12 | D        | Killed a bag of meat
    12 | D        | Reached XP level 14. HP: 138/138 MP: 14/14
    13 | D        | Killed a bag of meat
    13 | D        | Reached XP level 15. HP: 148/148 MP: 15/15
    14 | D        | Noticed a large bag of meat
    15 | D        | Reached ** piety under Makhleb
    15 | D        | Reached skill level 15 in Axes
    16 | D        | Reached XP level 16. HP: 151/160 MP: 16/16
    19 | D        | Killed a large bag of meat
    19 | D        | Reached *** piety under Makhleb
    19 | D        | Reached skill level 27 in Fighting
    19 | D        | Reached skill level 27 in Shields
    19 | D        | Reached XP level 17. HP: 174/174 MP: 17/17
    21 | D        | Reached skill level 27 in Armour
    21 | D        | Noticed a meat berserker
    23 | D        | Noticed a large bag of meat
    24 | D        | Reached **** piety under Makhleb
    24 | D        | Reached XP level 18. HP: 182/182 MP: 18/18
    25 | D        | Noticed a meat berserker
    26 | D        | Killed a meat berserker
    26 | D        | Reached skill level 27 in Axes
    28 | D        | Reached XP level 19. HP: 189/189 MP: 18/22
    30 | D        | Killed a meat berserker
    30 | D        | Reached ***** piety under Makhleb
    30 | D        | Reached skill level 5 in Throwing
    30 | D        | Reached skill level 5 in Unarmed Combat
    30 | D        | Reached skill level 5 in Spellcasting
    33 | D        | Killed a large bag of meat
    33 | D        | Reached skill level 27 in Dodging
    33 | D        | Reached skill level 10 in Unarmed Combat
    33 | D        | Reached skill level 10 in Spellcasting
    33 | D        | Reached XP level 20. HP: 197/197 MP: 18/34
    33 | D        | Noticed a destroyer
    35 | D        | Killed a destroyer
    35 | D        | Reached skill level 15 in Throwing
    35 | D        | Reached XP level 21. HP: 204/204 MP: 19/39
    35 | D        | Reached skill level 15 in Unarmed Combat
    35 | D        | Reached skill level 15 in Spellcasting
    36 | D        | Noticed a meat berserker
    39 | D        | Noticed a meat berserker
    40 | D        | Noticed a meat berserker
    41 | D        | Killed a meat berserker
    42 | D        | Reached skill level 27 in Stealth
    42 | D        | Reached skill level 27 in Invocations
    42 | D        | Reached XP level 22. HP: 212/212 MP: 20/42
    42 | D        | Noticed a meat berserker
    43 | D        | Noticed a meat berserker
    43 | D        | Noticed a destroyer
    44 | D        | Reached ****** piety under Makhleb
    45 | D        | Killed a meat berserker
    45 | D        | Reached skill level 27 in Spellcasting
    46 | D        | Reached XP level 23. HP: 219/219 MP: 21/54
    47 | D        | Reached skill level 27 in Throwing
    48 | D        | Reached skill level 27 in Unarmed Combat
    48 | D        | Reached XP level 24. HP: 227/227 MP: 22/54
    52 | D        | Killed a destroyer
    52 | D        | Reached XP level 25. HP: 234/234 MP: 23/54
    56 | D        | Reached XP level 26. HP: 242/242 MP: 24/54
    58 | D        | Reached XP level 27. HP: 249/249 MP: 24/54
   101 | D        | Noticed a destroyer
   109 | D        | Killed a destroyer
   148 | D        | Noticed The Meatlord
   153 | D        | Killed The Meatlord
   154 | D        | Got the Orb of Zot
   159 | D        | Reached skill level 27 in Maces & Flails
   168 | D        | Noticed a large bag of meat
   175 | D        | Killed a large bag of meat
   182 | D        | Noticed a destroyer
   184 | D        | Escaped with the Orb!

Vault maps used:
D:        meatsprint

Skill      XL: |  1  2  3  4  5  6  7  8  9 10 11 12 13 14 15 16 17 18 19 20 21 22 23 24 25 26 27 |
---------------+----------------------------------------------------------------------------------+-----
Fighting       | 17 19 21 22 24 27 | 27.0
Axes           | 10 12 13 14 16 19 24 27 | 27.0
Armour         | 17 19 21 22 24 26 27 | 27.0
Shields        | 18 20 21 23 25 27 | 27.0
Dodging        | 13 21 27 | 27.0
Throwing       | 2 11 15 16 20 27 | 27.0
Stealth        | 3 12 17 27 | 27.0
Unarmed Combat | 2 10 14 15 19 27 | 27.0
Spellcasting   | 2 10 14 16 27 | 27.0
Invocations    | 2 11 16 27 | 27.0
Maces & Flails | 27 | 27.0

Action                   |  1- 3 |  4- 6 |  7- 9 | 10-12 | 13-15 | 16-18 | 19-21 | 22-24 | 25-27 || total
-------------------------+-------+-------+-------+-------+-------+-------+-------+-------+-------++-------
Melee: Executioner's axe |     1 |       |       |       |     4 |     6 |     6 |     7 |    51 ||    75
Invok: Minor Destruction |       |       |       |       |       |       |       |       |     1 ||     1
       Major Destruction |       |       |       |       |       |       |       |       |     1 ||     1
       Greater Servant o |       |       |       |       |       |       |       |       |     1 ||     1
Dodge: Dodged            |       |       |       |       |       |     1 |       |     1 |     1 ||     3
Block: Shield            |       |       |       |       |       |       |     1 |     1 |     3 ||     5

Table legend:
 A = Non-vault XP
 B = Vault XP
 C = Vault XP percentage of total XP
 D = Non-vault monster count
 E = Vault monster count
 F = Vault count percentage of total count
                 A         B        C        D         E       F
            +---------+---------+-------+---------+---------+-------
      Total |       0 | 2412870 | 100.0 |       0 |     105 | 100.0
            +---------+---------+-------+---------+---------+-------
          D |       0 | 2412870 | 100.0 |       0 |     105 | 100.0
            +---------+---------+-------+---------+---------+-------
